[ AOE2 MATCH · #505194272 ]
UnrankedPoles vs Aztecs
Player's team · WIN
Rival team · LOSS
[ REPLAY ANALYSIS · EXTRACTED FROM THE RECORDED GAME ]
Feudal
9:54
Castle
22:22
Imperial
41:37
| APM avg | 57.5 |
| APM peak | 111 |
| eAPM avg | 37.2 |
| Villagers / military | 165 / 199 |
Focus
⚔️ 49.9% · 🌾 50.1%
Knight ×181 · Scout Cavalry ×9 · Militia ×5 · Trebuchet (Packed) ×3 · Monk ×1
Feudal
9:17
Castle
23:13
Imperial
42:59
| APM avg | 51.0 |
| APM peak | 81 |
| eAPM avg | 27.3 |
| Villagers / military | 112 / 188 |
Focus
⚔️ 42.2% · 🌾 57.8%
Spearman ×97 · Archer ×58 · Jaguar Warrior ×13 · Monk ×11 · Battering Ram ×5 · Trebuchet (Packed) ×4
Match map
Initial resources + every placement click. Lines = walls · curves = elevation contours. ◆ gold · ⬟ stone · ● berries · ✦ relic · ◌ wall gap
Your base· Open — unwalled flank
onlyAztecsinArabia's base· Open — unwalled flank
Smoothed initial terrain · ◌ = detected wall gap · hover for details
Inputs per minute
— Jaco - - onlyAztecsinArabia
Build order — Jaco
First 150 of 563 actions detected
| 0:02 | Create | Villager (Male) |
| 0:02 | Create | Villager (Male) |
| 0:02 | Create | Villager (Male) |
| 0:03 | Create | Villager (Male) |
| 0:04 | Build | House |
| 0:05 | Build | House |
| 1:30 | Create | Villager (Male) |
| 2:04 | Create | Villager (Male) |
| 2:04 | Create | Villager (Male) |
| 2:07 | Build | Lumber Camp |
| 2:21 | Create | Villager (Male) |
| 2:49 | Create | Villager (Male) |
| 3:08 | Create | Villager (Male) |
| 3:34 | Create | Villager (Male) |
| 3:55 | Build | House |
| 4:01 | Create | Villager (Male) |
| 4:01 | Create | Villager (Male) |
| 4:37 | Create | Villager (Male) |
| 4:37 | Create | Villager (Male) |
| 4:45 | Build | Mill |
| 4:52 | Create | Villager (Male) |
| 4:52 | Create | Villager (Male) |
| 5:26 | Create | Villager (Male) |
| 5:26 | Create | Villager (Male) |
| 6:00 | Build | Barracks |
| 6:04 | Create | Villager (Male) |
| 6:06 | Create | Villager (Male) |
| 6:06 | Research | Loom |
| 7:04 | Build | Mining Camp |
| 7:28 | Build | House |
| 7:44 | Research | Feudal Age |
| 7:44 | Research | Feudal Age |
| 8:08 | Create | Militia |
| 8:08 | Create | Militia |
| 8:24 | Create | Militia |
| 8:24 | Create | Militia |
| 8:46 | Create | Militia |
| 9:40 | Create | Villager (Male) |
| 9:41 | Create | Villager (Male) |
| 9:54 | Age | Feudal Age |
| 9:55 | Research | Man-at-Arms (upgrade) |
| 9:55 | Research | Man-at-Arms (upgrade) |
| 9:59 | Research | Horse Collar |
| 9:59 | Research | Horse Collar |
| 10:05 | Build | Farm |
| 10:20 | Build | Watch Tower |
| 10:25 | Create | Villager (Male) |
| 10:27 | Build | Farm |
| 10:31 | Build | Farm |
| 11:05 | Create | Villager (Male) |
| 11:08 | Build | Farm |
| 11:13 | Build | Palisade Wall |
| 11:13 | Build | Palisade Wall |
| 11:14 | Build | Palisade Wall |
| 11:19 | Build | Watch Tower |
| 11:23 | Create | Villager (Male) |
| 11:27 | Build | House |
| 11:35 | Build | Watch Tower |
| 11:54 | Create | Villager (Male) |
| 12:00 | Build | Farm |
| 12:02 | Create | Villager (Male) |
| 12:08 | Build | Watch Tower |
| 12:32 | Create | Villager (Male) |
| 12:34 | Build | Farm |
| 12:39 | Create | Villager (Male) |
| 12:42 | Build | House |
| 13:03 | Build | Palisade Wall |
| 13:05 | Build | Palisade Wall |
| 13:05 | Build | Palisade Wall |
| 13:06 | Build | Palisade Wall |
| 13:07 | Build | Palisade Wall |
| 13:09 | Build | Palisade Wall |
| 13:09 | Build | Palisade Wall |
| 13:10 | Build | Palisade Wall |
| 13:16 | Build | Watch Tower |
| 13:17 | Create | Villager (Male) |
| 13:53 | Create | Villager (Male) |
| 14:01 | Build | Stable |
| 14:02 | Create | Villager (Male) |
| 14:09 | Create | Villager (Male) |
| 14:31 | Create | Villager (Male) |
| 14:43 | Build | Mill |
| 14:45 | Build | Mill |
| 14:49 | Create | Scout Cavalry |
| 14:49 | Create | Scout Cavalry |
| 14:52 | Build | House |
| 14:55 | Create | Villager (Male) |
| 15:00 | Build | Farm |
| 15:08 | Build | Farm |
| 15:24 | Build | Farm |
| 15:25 | Create | Villager (Male) |
| 15:41 | Create | Scout Cavalry |
| 15:44 | Build | House |
| 15:47 | Build | Farm |
| 15:48 | Create | Villager (Male) |
| 16:02 | Create | Scout Cavalry |
| 16:29 | Build | Farm |
| 16:36 | Build | Farm |
| 16:39 | Build | Farm |
| 16:41 | Create | Scout Cavalry |
| 16:42 | Create | Villager (Male) |
| 16:48 | Build | Farm |
| 17:01 | Build | Farm |
| 17:02 | Create | Scout Cavalry |
| 17:29 | Create | Villager (Male) |
| 17:32 | Research | Bloodlines |
| 17:33 | Research | Bloodlines |
| 17:38 | Build | Mining Camp |
| 17:45 | Build | Farm |
| 17:46 | Create | Villager (Male) |
| 18:18 | Build | Blacksmith |
| 18:21 | Create | Villager (Male) |
| 18:49 | Create | Villager (Male) |
| 19:03 | Build | Mill |
| 19:06 | Build | Mill |
| 19:17 | Create | Villager (Male) |
| 19:34 | Build | Farm |
| 19:36 | Build | Farm |
| 19:38 | Build | Farm |
| 19:42 | Research | Castle Age |
| 19:42 | Research | Castle Age |
| 19:52 | Create | Scout Cavalry |
| 20:10 | Research | Double-Bit Axe |
| 20:10 | Research | Double-Bit Axe |
| 20:13 | Create | Scout Cavalry |
| 20:13 | Create | Scout Cavalry |
| 20:40 | Research | Scale Barding Armor |
| 20:40 | Research | Scale Barding Armor |
| 21:04 | Create | Villager (Male) |
| 21:04 | Create | Villager (Male) |
| 21:21 | Research | Forging |
| 21:21 | Research | Forging |
| 22:22 | Age | Castle Age |
| 22:31 | Build | Town Center |
| 22:56 | Create | Villager (Male) |
| 23:10 | Build | Town Center |
| 23:19 | Build | Castle |
| 23:29 | Create | Villager (Male) |
| 23:42 | Research | Light Cavalry (upgrade) |
| 23:43 | Research | Light Cavalry (upgrade) |
| 23:47 | Research | Heavy Plow |
| 23:47 | Research | Heavy Plow |
| 23:49 | Create | Villager (Male) |
| 23:49 | Create | Villager (Male) |
| 24:09 | Research | Chain Barding Armor |
| 24:09 | Research | Chain Barding Armor |
| 24:13 | Research | Husbandry |
| 24:20 | Create | Villager (Male) |
| 24:20 | Create | Villager (Male) |
| 24:20 | Create | Villager (Male) |
Build order — onlyAztecsinArabia
First 150 of 458 actions detected
| 0:00 | Create | Villager (Male) |
| 0:01 | Create | Villager (Male) |
| 0:01 | Create | Villager (Male) |
| 0:02 | Build | House |
| 0:03 | Build | House |
| 0:08 | Create | Villager (Male) |
| 1:23 | Create | Villager (Male) |
| 1:58 | Build | Lumber Camp |
| 2:02 | Create | Villager (Male) |
| 2:17 | Create | Villager (Male) |
| 2:42 | Create | Villager (Male) |
| 3:03 | Create | Villager (Male) |
| 3:30 | Build | House |
| 3:31 | Build | House |
| 3:38 | Create | Villager (Male) |
| 3:59 | Create | Villager (Male) |
| 4:29 | Create | Villager (Male) |
| 4:34 | Build | Mill |
| 4:44 | Create | Villager (Male) |
| 5:05 | Create | Villager (Male) |
| 5:29 | Create | Villager (Male) |
| 6:06 | Create | Villager (Male) |
| 6:07 | Research | Loom |
| 7:07 | Research | Feudal Age |
| 7:55 | Build | Barracks |
| 8:24 | Create | Villager (Male) |
| 8:37 | Build | Mining Camp |
| 9:09 | Build | House |
| 9:17 | Age | Feudal Age |
| 9:21 | Build | Archery Range |
| 9:22 | Create | Villager (Male) |
| 9:56 | Build | Palisade Wall |
| 9:57 | Build | Palisade Wall |
| 10:00 | Create | Villager (Male) |
| 10:03 | Build | Palisade Wall |
| 10:04 | Build | Palisade Wall |
| 10:04 | Build | Palisade Wall |
| 10:09 | Create | Archer |
| 10:09 | Create | Archer |
| 10:14 | Build | House |
| 10:17 | Research | Double-Bit Axe |
| 10:17 | Research | Double-Bit Axe |
| 10:24 | Create | Villager (Male) |
| 10:27 | Build | Palisade Wall |
| 10:30 | Build | Palisade Wall |
| 10:32 | Build | Palisade Wall |
| 10:43 | Build | House |
| 10:45 | Create | Villager (Male) |
| 11:02 | Build | Lumber Camp |
| 11:09 | Build | Watch Tower |
| 11:11 | Create | Villager (Male) |
| 11:13 | Create | Archer |
| 11:33 | Create | Villager (Male) |
| 11:57 | Create | Villager (Male) |
| 12:00 | Build | Farm |
| 12:29 | Create | Villager (Male) |
| 12:48 | Create | Archer |
| 12:57 | Create | Villager (Male) |
| 13:02 | Build | Mining Camp |
| 13:09 | Create | Villager (Male) |
| 13:12 | Build | Blacksmith |
| 13:14 | Create | Archer |
| 13:24 | Create | Villager (Male) |
| 13:44 | Build | Farm |
| 13:45 | Build | Farm |
| 14:08 | Create | Villager (Male) |
| 14:10 | Build | Farm |
| 14:12 | Build | Farm |
| 14:13 | Create | Archer |
| 14:23 | Build | House |
| 14:33 | Build | Farm |
| 14:35 | Build | Farm |
| 14:37 | Build | Farm |
| 14:55 | Build | Lumber Camp |
| 14:59 | Create | Archer |
| 15:11 | Create | Villager (Male) |
| 15:26 | Create | Villager (Male) |
| 15:43 | Build | House |
| 15:53 | Create | Villager (Male) |
| 16:07 | Create | Spearman |
| 16:08 | Create | Spearman |
| 16:12 | Create | Archer |
| 16:18 | Research | Town Watch |
| 16:21 | Build | House |
| 16:32 | Build | Outpost |
| 16:33 | Create | Villager (Male) |
| 16:40 | Build | Farm |
| 16:41 | Build | Farm |
| 16:43 | Create | Spearman |
| 16:46 | Create | Archer |
| 17:01 | Create | Villager (Male) |
| 17:03 | Build | House |
| 17:04 | Build | House |
| 17:06 | Build | Palisade Wall |
| 17:12 | Build | Palisade Wall |
| 17:15 | Create | Villager (Male) |
| 17:17 | Build | Farm |
| 17:27 | Build | Palisade Wall |
| 17:35 | Build | Market |
| 17:47 | Create | Villager (Male) |
| 17:49 | Build | Farm |
| 18:02 | Create | Villager (Male) |
| 18:10 | Build | Farm |
| 18:13 | Build | Farm |
| 18:17 | Build | Farm |
| 18:33 | Create | Villager (Male) |
| 18:40 | Build | House |
| 18:42 | Build | House |
| 18:57 | Create | Villager (Male) |
| 19:03 | Build | Farm |
| 19:14 | Create | Villager (Male) |
| 19:16 | Create | Spearman |
| 19:26 | Create | Spearman |
| 19:27 | Create | Archer |
| 19:47 | Build | House |
| 19:50 | Build | Farm |
| 20:08 | Create | Villager (Male) |
| 20:09 | Build | Farm |
| 20:30 | Research | Castle Age |
| 20:30 | Research | Castle Age |
| 20:41 | Research | Fletching |
| 20:41 | Research | Fletching |
| 20:50 | Build | Farm |
| 20:55 | Create | Archer |
| 21:01 | Build | Archery Range |
| 21:15 | Create | Spearman |
| 21:27 | Create | Spearman |
| 21:32 | Research | Scale Mail Armor |
| 21:35 | Research | Padded Archer Armor |
| 21:35 | Research | Padded Archer Armor |
| 21:40 | Create | Archer |
| 21:47 | Create | Archer |
| 21:50 | Create | Villager (Male) |
| 21:53 | Build | House |
| 21:54 | Build | House |
| 21:55 | Build | House |
| 22:00 | Create | Archer |
| 22:13 | Build | Farm |
| 22:17 | Create | Archer |
| 22:23 | Create | Spearman |
| 22:29 | Build | House |
| 22:32 | Create | Spearman |
| 22:34 | Research | Forging |
| 22:38 | Build | Lumber Camp |
| 22:41 | Create | Archer |
| 22:52 | Create | Villager (Male) |
| 23:01 | Research | Horse Collar |
| 23:02 | Research | Horse Collar |
| 23:13 | Age | Castle Age |
| 23:31 | Research | Bow Saw |
Match timeline
| 6:00 | Jaco · first_building Barracks |
| 7:55 | onlyAztecsinArabia · first_building Barracks |
| 9:17 | onlyAztecsinArabia · age_up feudal |
| 9:21 | onlyAztecsinArabia · first_building Archery Range |
| 9:54 | Jaco · age_up feudal |
| 9:56 | onlyAztecsinArabia · wall_segment Palisade Wall x1 |
| 9:57 | onlyAztecsinArabia · wall_segment Palisade Wall x1 |
| 10:03 | onlyAztecsinArabia · wall_segment Palisade Wall x1 |
| 10:04 | onlyAztecsinArabia · wall_segment Palisade Wall x1 |
| 10:04 | onlyAztecsinArabia · wall_segment Palisade Wall x1 |
| 10:27 | onlyAztecsinArabia · wall_segment Palisade Wall x1 |
| 10:30 | onlyAztecsinArabia · wall_segment Palisade Wall x1 |
| 10:32 | onlyAztecsinArabia · wall_segment Palisade Wall x1 |
| 11:13 | Jaco · wall_segment Palisade Wall x1 |
| 11:13 | Jaco · wall_segment Palisade Wall x1 |
| 11:14 | Jaco · wall_segment Palisade Wall x1 |
| 13:03 | Jaco · wall_segment Palisade Wall x1 |
| 13:05 | Jaco · wall_segment Palisade Wall x1 |
| 13:05 | Jaco · wall_segment Palisade Wall x1 |
| 13:06 | Jaco · wall_segment Palisade Wall x1 |
| 13:07 | Jaco · wall_segment Palisade Wall x1 |
| 13:09 | Jaco · wall_segment Palisade Wall x1 |
| 13:09 | Jaco · wall_segment Palisade Wall x1 |
| 13:10 | Jaco · wall_segment Palisade Wall x1 |
| 14:01 | Jaco · first_building Stable |
| 17:06 | onlyAztecsinArabia · wall_segment Palisade Wall x2 |
| 17:12 | onlyAztecsinArabia · wall_segment Palisade Wall x7 |
| 17:27 | onlyAztecsinArabia · wall_segment Palisade Wall x7 |
| 18:46 | onlyAztecsinArabia · first_market_sell 100 wood |
| 18:49 | onlyAztecsinArabia · first_market_buy 100 food |
| 22:22 | Jaco · age_up castle |
| 23:13 | onlyAztecsinArabia · age_up castle |
| 23:19 | Jaco · first_building Castle |
| 24:10 | onlyAztecsinArabia · first_building Monastery |
| 26:57 | onlyAztecsinArabia · first_building Siege Workshop |
| 34:48 | Jaco · first_market_sell 100 food |
| 37:53 | onlyAztecsinArabia · first_building Castle |
| 40:39 | Jaco · first_building Monastery |
| 41:37 | Jaco · age_up imperial |
| 42:59 | onlyAztecsinArabia · age_up imperial |
| 46:51 | Jaco · first_building Archery Range |
| 47:12 | onlyAztecsinArabia · resign |
[ AI ANALYSIS · 1 CREDIT ]
What really happened in this match?
Wolo.gg analyzes every decision: build order, eco, micro, common mistakes by bracket. Personalized analysis on WhatsApp or Discord in 30 seconds.
Civ guide
Poles
Perfil
Jugador #1470140